 Dungeon Crawl Stone Soup version 0.21.1-1-g345015fe64 (webtiles) character file.

73 Kohma the Chopper (level 4, -5/40 HPs)
             Began as a Minotaur Berserker on June 19, 2018.
             Was a Follower of Trog.
             Slain by Sigmund
             ... wielding a +0 scythe
              (10 damage)
             ... on level 3 of the Dungeon.
             The game lasted 00:03:47 (2038 turns).

Kohma the Chopper (Minotaur Berserker)              Turns: 2038, Time: 00:03:47

Health: -5/40      AC:  0    Str: 22    XL:     4   Next: 8%
Magic:  3/3        EV: 15    Int:  4    God:    Trog [*.....]
Gold:   133        SH:  0    Dex: 10    Spells: 3/3 levels left

rFire    . . .     SeeInvis .   (weapon currently unavailable)
rCold    . . .     Gourm    .   (shield currently unavailable)
rNeg     . . .     Faith    .   (armour currently unavailable)
rPois    .         Spirit   .   (helmet currently unavailable)
rElec    .         Reflect  .   (cloak currently unavailable)
rCorr    .         Harm     .   (gloves currently unavailable)
MR       .....                  (boots currently unavailable)
Stlth    +.........             (no amulet)
HPRegen  0.13/turn              (ring currently unavailable)
MPRegen  0.08/turn              (ring currently unavailable)

@: confused, pig-form, very quick
A: small, (retaliatory headbutt)
a: Berserk, Burn Spellbooks, Renounce Religion


You were on level 3 of the Dungeon.
You worshipped Trog.
Trog was aware of your devotion.
You were not hungry.
You were a filthy swine.
You visited 1 branch of the dungeon, and saw 3 of its levels.

You collected 133 gold pieces.

Inventory:

Hand Weapons
 a - a +0 hand axe (melded)
Missiles
 k - 17 bolts
 o - 4 tomahawks (quivered)
Armour
 f - a +0 scale mail (melded)
 l - a +1 pair of boots (melded)
Jewellery
 h - an uncursed amulet of magic regeneration {unknown}
Wands
 q - a wand of flame (21)
Scrolls
 d - 2 scrolls of fog {unknown}
 g - 2 scrolls of enchant armour {unknown}
 j - a scroll of identify {unknown}
 p - a scroll of remove curse {unknown}
Potions
 b - a potion of lignification
 e - a potion of might {unknown}
 i - a potion of ambrosia {unknown}
 m - 2 potions of heal wounds {unknown}
Comestibles
 c - 5 rations
 n - 8 chunks of flesh


   Skills:
 + Level 4.2 Fighting
 * Level 4.7 Axes
 + Level 3.2 Armour
 + Level 2.9 Dodging


You had 3 spell levels left.
You didn't know any spells.

Dungeon Overview and Level Annotations

Branches:
Dungeon (3/15)

Altars:
Cheibriados
Dithmenos
Gozag
Nemelex Xobeh
Okawaru
Vehumet
Yredelemnul
The Shining One

Annotations:
D:3 Sigmund


Innate Abilities, Weirdness & Mutations

((You reflexively headbutt those who attack you in melee.))
((You have a pair of horns on your head.))


Message History

You hit something but do no damage.
You hear some strange, mumbled words.
You are more confused.
You barely miss something. Something hits you!
You bump into the rock wall.
You closely miss something.
You hear a zap.
You completely miss something.
You hear some strange, mumbled words.
A magic dart appears from out of thin air!
The magic dart hits you!
* * * LOW HITPOINT WARNING * * *
You completely miss something.
You hear a zap.
You bump into the rock wall.
Something hits you!
* * * LOW HITPOINT WARNING * * *
You're too confused!
It was a potion of lignification.
You feel woody for a moment. Something hits you!
You die...

#........##.#
#
#.....#####.#
##.##..# #.#
##.###.# #.#
#.# ...
#.#### #....#
####.# #.#
#h# #{# #.#
#.# #.# #.#
#.# $.#


There were no monsters in sight!

Vanquished Creatures
  Ijyb (D:3)
  An adder (D:2)
  A worm (D:2)
  2 dart slugs (D:1)
  3 orcs (D:3)
  3 bats
  2 giant cockroaches
  3 goblins
  2 hobgoblins
  A ball python (D:2)
  2 frilled lizards
  5 kobolds
  4 rats
30 creatures vanquished.

Vanquished Creatures (others)
  A frilled lizard (D:3)
1 creature vanquished.

Grand Total: 31 creatures vanquished

Notes
Turn   | Place    | Note
-------+----------+-------------------------------------------
     0 | D:1      | Kohma the Minotaur Berserker began the quest for the Orb.
     0 | D:1      | Reached XP level 1. HP: 19/19 MP: 0/0
   373 | D:1      | Reached XP level 2. HP: 27/27 MP: 1/1
  1021 | D:2      | Found a shadowy altar of Dithmenos.
  1023 | D:2      | Found a sparkling altar of Nemelex Xobeh.
  1025 | D:2      | Found a basalt altar of Yredelemnul.
  1033 | D:2      | Reached XP level 3. HP: 29/33 MP: 2/2
  1034 | D:2      | Found a snail-covered altar of Cheibriados.
  1035 | D:2      | Found an opulent altar of Gozag.
  1037 | D:2      | Found an iron altar of Okawaru.
  1676 | D:2      | Found a glowing golden altar of the Shining One.
  1956 | D:3      | Found a radiant altar of Vehumet.
  1982 | D:3      | Noticed Ijyb
  1987 | D:3      | Killed Ijyb
  1987 | D:3      | Reached XP level 4. HP: 40/40 MP: 3/3
  2018 | D:3      | Noticed Sigmund
  2038 | D:3      | Slain by Sigmund

Skill      XL: |  1  2  3 |
---------------+----------+-----
Axes           | 4 |  4.7
Fighting       | 4 |  4.2
Armour         | 3 |  3.2
Dodging        | |  2.9

Action                   |  1- 3 |  4- 6 || total
-------------------------+-------+-------++-------
Melee: Hand axe          |    71 |     6 ||    77
       Headbutt          |    13 |       ||    13
       Unarmed           |       |     7 ||     7
Invok: Berserk           |     1 |       ||     1
  Use: Potion            |       |     1 ||     1
  Eat: Chunk             |     3 |     1 ||     4
Armor: Scale mail        |    29 |     1 ||    30
       Leather armour    |     1 |       ||     1
Dodge: Dodged            |    40 |     1 ||    41
